Cogmind - Beta 11.1 @@@ ROGUE MODE // 2022.05.03 @ 12:33:57 Player: Olga Result: Destroyed by H-61 Shepherd with Heavy Assault Cannon Performance ------------- Evolutions (4) 2000 Regions Visited (7) 1400 Robots Destroyed (0) 0 Value Destroyed (0) 0 Prototype IDs (1) 20 Alien Tech Used (0) 0 Bonus (1825) 1825 TOTAL SCORE: 5245 Bonus ------- Pacifist 1325 Entered DSFs 500 Cogmind --------- Core Integrity 0/850 Matter 5/300 Energy 100/100 System Corruption 0% Temperature Cool (0) Movement Flying (40) Location -6/Factory Parts ------- > --- POWER (1) -------- (None) > --- PROPULSION (4) --- Biomechanical Wings > --- UTILITY (8) ------ Machine Analyzer Improved Signal Interpreter Advanced Terrain Scan Processor Advanced Terrain Scan Processor Advanced Melee Analysis Suite Hacking Suite > --- WEAPON (2) ------- (None) > --- INVENTORY (5) ---- Advanced Terrain Scanner Advanced Terrain Scan Processor Advanced Terrain Scan Processor Advanced Terrain Scan Processor Advanced Terrain Scan Processor Peak State ------------ > --- POWER ------------ (None) > --- PROPULSION ------- Flexi-carbon Leg > --- UTILITY ---------- Machine Analyzer Improved Signal Interpreter Advanced Terrain Scan Processor Advanced Terrain Scan Processor Advanced Melee Analysis Suite Weapon Cycler Hacking Suite Hacking Suite > --- WEAPON ----------- (None) > --- INVENTORY -------- Advanced Terrain Scanner Advanced Terrain Scan Processor Advanced Terrain Scan Processor Advanced Terrain Scan Processor Advanced Terrain Scan Processor [Rating: 36] Favorites ----------- Power None Propulsion VTOL Module Leg Flexi-carbon Leg Flight Unit VTOL Module Utility Advanced Terrain Scan Processor Device Sensor Array Storage Small Storage Unit Processor Advanced Terrain Scan Processor Hackware Hacking Suite Protection Improved Light Armor Plating Weapon Assault Rifle Ballistic Gun Assault Rifle Special Melee Weapon Datajack Build | -11 -10 -10 -9 -8 -7 -7 -6 ------- Run | Scr Mat Min Mat Mat Fac DSF Fac Slots Evolved 8 | . . . 2 2 2 . 2 Power . | . . . . . . . . Propulsion 2 | . . . . . . . 2 Utility 6 | . . . 2 2 2 . . Weapon . | . . . . . . . . Parts Attached 24 | 1 1 . 1 . 6 5 10 Power . | . . . . . . . . Engine . | . . . . . . . . Core . | . . . . . . . . Reactor . | . . . . . . . . Propulsion 3 | . . . 1 . . . 2 Treads . | . . . . . . . . Leg 1 | . . . . . . . 1 Wheel . | . . . . . . . . Hover . | . . . . . . . . Flight 2 | . . . 1 . . . 1 Utility 19 | . . . . . 6 5 8 Device 2 | . . . . . 1 . 1 Storage 1 | . . . . . 1 . . Processor 9 | . . . . . 4 . 5 Hackware 5 | . . . . . . 4 1 Protection 2 | . . . . . . 1 1 Artifact . | . . . . . . . . Weapon 2 | 1 1 . . . . . . Energy Gun . | . . . . . . . . Energy Cannon . | . . . . . . . . Ballistic Gun 1 | 1 . . . . . . . Ballistic Cannon . | . . . . . . . . Launcher . | . . . . . . . . Special Weapon . | . . . . . . . . Impact Weapon . | . . . . . . . . Slashing Weapon . | . . . . . . . . Piercing Weapon . | . . . . . . . . Special Melee Weapon 1 | . 1 . . . . . . Unidentified Prototypes 1 | . . . . . . . 1 Parts Lost 7 | . . . . . . 3 4 Power . | . . . . . . . . Propulsion 2 | . . . . . . 1 1 Utility 5 | . . . . . . 2 3 Weapon . | . . . . . . . . Highest Loss Streak 3 | . . . . . . 3 2 To Critical Strikes . | . . . . . . . . Average Slot Usage (%) 32 | . 28 16 15 18 30 39 37 Flight 1 | . . . 4 9 7 2 . Processor 18 | . . . . . 15 24 25 Hackware 5 | . . . . . . 9 8 Ballistic Gun 3 | . 14 14 11 9 1 . . Naked Turns . | . . . . . . . . Heaviest Build 3 | 2 3 3 2 2 2 1 3 Greatest Support 20 | 3 3 3 4 4 4 4 20 Greatest Overweight (x) . | . . . . . . . . Average Overweight (x) . | . . . . . . . . Largest Inventory Capacity 8 | 5 5 5 5 5 8 5 5 Average Capacity 5 | 5 5 5 5 5 5 5 5 Most Carried 5 | 2 2 3 4 4 5 5 5 Average Carried 4 | 1 2 2 3 4 4 5 4 Final Capacity 5 | 5 5 5 5 5 5 5 5 Final Carried 5 | 2 2 3 4 4 5 5 5 Class Distribution -------------------- 77% | Mutant 22% | Hacker-Mutant Dominant Class ---------------- Mutant | -10/Materials Mutant | -10/Mines Mutant | -9/Materials Mutant | -8/Materials Mutant | -7/Factory Mutant | -7/DSF Mutant | -6/Factory Resources | -11 -10 -10 -9 -8 -7 -7 -6 ----------- Run | Scr Mat Min Mat Mat Fac DSF Fac Matter Collected 89 | 76 . . . . . 13 . Remotely . | . . . . . . . . Salvage Created . | . . . . . . . . Parts . | . . . . . . . . Haulers Intercepted . | . . . . . . . . Recyclers Shooed . | . . . . . . . . Parts Field Recycled . | . . . . . . . . Retrieved Matter . | . . . . . . . . Parts Self-Destructed . | . . . . . . . . Prevented . | . . . . . . . . Kills | -11 -10 -10 -9 -8 -7 -7 -6 ------- Run | Scr Mat Min Mat Mat Fac DSF Fac Combat Hostiles Destroyed . | . . . . . . . . Classes Destroyed . | . . . . . . . . Best Kill Streak . | . . . . . . . . Combat Bots Only . | . . . . . . . . Max Kills in Single Turn . | . . . . . . . . Gunslinging . | . . . . . . . . Exploded . | . . . . . . . . Melee . | . . . . . . . . Uniques/NPCs Destroyed . | . . . . . . . . Combat | -11 -10 -10 -9 -8 -7 -7 -6 -------- Run | Scr Mat Min Mat Mat Fac DSF Fac Damage Taken 1778 | . 45 19 24 . . 501 1189 Core 1356 | . 34 19 12 . . 439 852 Absorbed by Shields 43 | . . . . . . 43 . Core Remaining (%) 82 | 100 . 78 97 100 . 37 . Volleys Fired . | . . . . . . . . Largest . | . . . . . . . . Hottest . | . . . . . . . . Shots Fired . | . . . . . . . . Gun . | . . . . . . . . Cannon . | . . . . . . . . Launcher . | . . . . . . . . Special . | . . . . . . . . Kinetic . | . . . . . . . . Thermal . | . . . . . . . . Explosive . | . . . . . . . . Electromagnetic . | . . . . . . . . Robot Hit Streak . | . . . . . . . . Robot Miss Streak . | . . . . . . . . Penetration Max . | . . . . . . . . Secondary Targets . | . . . . . . . . Shots Hit Robots 1 | . . 1 . . . . . Core Hits 2 | . . 1 . . . . 1 Critical Kills . | . . . . . . . . Critical Parts Destroyed . | . . . . . . . . Critical Strikes . | . . . . . . . . Melee Attacks 1 | . . 1 . . . . . Impact . | . . . . . . . . Slashing . | . . . . . . . . Piercing . | . . . . . . . . Sneak Attacks . | . . . . . . . . Combat Hostiles . | . . . . . . . . Follow-up Attacks . | . . . . . . . . Damage Inflicted 22 | . . 10 . . . . 12 Guns . | . . . . . . . . Cannons . | . . . . . . . . Explosions . | . . . . . . . . Melee . | . . . . . . . . Ramming 22 | . . 10 . . . . 12 Kinetic . | . . . . . . . . Thermal . | . . . . . . . . Explosive . | . . . . . . . . Electromagnetic . | . . . . . . . . Impact . | . . . . . . . . Slashing . | . . . . . . . . Piercing . | . . . . . . . . Highest Corruption . | . . . . . . . . Average Corruption . | . . . . . . . . Corruption Purged . | . . . . . . . . Corruption Blocked . | . . . . . . . . Overload Shots . | . . . . . . . . Overflow Damage . | . . . . . . . . Projectiles . | . . . . . . . . Explosions . | . . . . . . . . Melee . | . . . . . . . . Knockbacks . | . . . . . . . . Impact . | . . . . . . . . Kinetic . | . . . . . . . . Secondary . | . . . . . . . . Self-Inflicted Damage 4 | . . 4 . . . . . Shots . | . . . . . . . . Rammed 4 | . . 3 . . . . 1 Targets Rammed 6 | . . 3 . . . . 3 Kicked 2 | . . . . . . . 2 Crushed . | . . . . . . . . Highest Temperature 11 | . . . . . . . 11 Average Temperature 11 | . . . . . . . 11 Received Heat Transfer 453 | . 24 9 6 . . . 414 Siege Activations . | . . . . . . . . Robots Corrupted . | . . . . . . . . Combat Hostiles . | . . . . . . . . Parts Fried . | . . . . . . . . Impact Corruptions . | . . . . . . . . Robots Melted . | . . . . . . . . Combat Hostiles . | . . . . . . . . Parts Melted . | . . . . . . . . Heat Transferred . | . . . . . . . . Parts Sabotaged . | . . . . . . . . Parts Stolen . | . . . . . . . . Parts Stripped . | . . . . . . . . Power Chain Reactions . | . . . . . . . . Missiles Intercepted . | . . . . . . . . Alert | -11 -10 -10 -9 -8 -7 -7 -6 ------- Run | Scr Mat Min Mat Mat Fac DSF Fac Peak Influence 283 | . 21 37 35 14 6 15 283 Initial 14 | . . 7 14 14 6 7 7 Average 76 | . 17 19 17 14 6 7 123 Maximum Alert Level 1 | . . . . . . . 1 Low Security (%) 82 | 100 100 100 100 100 100 100 68 Level 1 17 | . . . . . . . 31 Level 2 . | . . . . . . . . Level 3 . | . . . . . . . . Level 4 . | . . . . . . . . Level 5 . | . . . . . . . . High Security . | . . . . . . . . Max Security . | . . . . . . . . Squads Dispatched 5 | . 1 . . . 1 1 2 Investigation 3 | . 1 . . . 1 . 1 Extermination . | . . . . . . . . Reinforcement 2 | . . . . . . 1 1 Assault . | . . . . . . . . Garrison . | . . . . . . . . Intercept . | . . . . . . . . Searches Triggered . | . . . . . . . . Construction Impeded . | . . . . . . . . Haulers Reinforced . | . . . . . . . . Active Scanning Responses . | . . . . . . . . Cargo Convoy Interrupts . | . . . . . . . . Stealth | -11 -10 -10 -9 -8 -7 -7 -6 --------- Run | Scr Mat Min Mat Mat Fac DSF Fac Distress Signals 1 | . . . . . . . 1 Communications Jammed . | . . . . . . . . Distress Signals . | . . . . . . . . Times Spotted 41 | . 3 2 2 1 . 5 28 Peak Tracking Total 11 | . 3 2 3 3 . 4 11 Tactical Retreats 11 | . . 1 . . . 1 9 Traps | -11 -10 -10 -9 -8 -7 -7 -6 ------- Run | Scr Mat Min Mat Mat Fac DSF Fac Traps Triggered 3 | . 1 . . . . 1 1 Indirectly . | . . . . . . . . Trap Hack Attempts . | . . . . . . . . Triggered . | . . . . . . . . Disarmed . | . . . . . . . . Reprogrammed . | . . . . . . . . Reused . | . . . . . . . . Traps Extracted . | . . . . . . . . Installed . | . . . . . . . . Triggered . | . . . . . . . . Machines | -11 -10 -10 -9 -8 -7 -7 -6 ---------- Run | Scr Mat Min Mat Mat Fac DSF Fac Machines Disabled . | . . . . . . . . Max in Single Turn . | . . . . . . . . Machines Sabotaged . | . . . . . . . . Garrisons Compromised . | . . . . . . . . Overloaded Fab Kills . | . . . . . . . . Hacking | -11 -10 -10 -9 -8 -7 -7 -6 --------- Run | Scr Mat Min Mat Mat Fac DSF Fac Machines Accessed 8 | . 1 . 2 . 1 . 4 Terminals 8 | . 1 . 2 . 1 . 4 Fabricators . | . . . . . . . . Repair Stations . | . . . . . . . . Recycling Units . | . . . . . . . . Scanalyzers . | . . . . . . . . Garrison Access . | . . . . . . . . Total Hacks 25 | . 3 . 5 . 3 . 14 Successful 12 | . 2 . 2 . 1 . 7 Failed 13 | . 1 . 3 . 2 . 7 Catastrophic 3 | . 1 . 2 . . . . Database Lockouts . | . . . . . . . . Manual 14 | . 3 . 5 . . . 6 Terminals 25 | . 3 . 5 . 3 . 14 Fabricators . | . . . . . . . . Repair Stations . | . . . . . . . . Recycling Units . | . . . . . . . . Scanalyzers . | . . . . . . . . Garrison Access . | . . . . . . . . Terminal Hacks 9 | . 1 . 1 . 1 . 6 Open DSF 1 | . . . . . 1 . . Level Access Points 1 | . . . . . . . 1 Terminal Index 3 | . 1 . 1 . . . 1 Unreport Threat 1 | . . . . . . . 1 Locate Traps 1 | . . . . . . . 1 Zone Layout 2 | . . . . . . . 2 Fabricator Hacks . | . . . . . . . . Repair Station Hacks . | . . . . . . . . Recycling Unit Hacks . | . . . . . . . . Scanalyzer . | . . . . . . . . Garrison Access Hacks . | . . . . . . . . Unauthorized Hacks 3 | . 1 . 1 . . . 1 Terminals 3 | . 1 . 1 . . . 1 Botnet 3 | . 1 . 1 . . . 1 Fabricators . | . . . . . . . . Repair Stations . | . . . . . . . . Recycling Units . | . . . . . . . . Scanalyzers . | . . . . . . . . Garrison Access . | . . . . . . . . Data Cores Recovered . | . . . . . . . . Used . | . . . . . . . . Hacking Detections 8 | . 1 . 2 . 1 . 4 Full Trace Events 3 | . . . 1 . 1 . 1 Feedback Events . | . . . . . . . . Feedback Blocked . | . . . . . . . . Robot Schematics Acquired . | . . . . . . . . Robots Built . | . . . . . . . . Authchips . | . . . . . . . . Time . | . . . . . . . . Total Robot Build Rating . | . . . . . . . . Part Schematics Acquired . | . . . . . . . . Parts Built . | . . . . . . . . Authchips . | . . . . . . . . Time . | . . . . . . . . Total Part Build Rating . | . . . . . . . . Parts Repaired . | . . . . . . . . Time . | . . . . . . . . Parts Recycled . | . . . . . . . . Recycled Matter . | . . . . . . . . Retrieved Matter . | . . . . . . . . Retrieved Components . | . . . . . . . . Parts Scanalyzed . | . . . . . . . . Part Schematics Acquired . | . . . . . . . . Parts Damaged . | . . . . . . . . Bothacking | -11 -10 -10 -9 -8 -7 -7 -6 ------------ Run | Scr Mat Min Mat Mat Fac DSF Fac Used RIF Installer . | . . . . . . . . Robots Hacked 1 | . . 1 . . . . . Non-combat . | . . . . . . . . Combat 1 | . . 1 . . . . . Robot Hacks Applied 1 | . . 1 . . . . . parse_system 1 | . . 1 . . . . . Relay Couplers Released . | . . . . . . . . Fabnet Peak Effective % . | . . . . . . . . Robots Rewired . | . . . . . . . . Allies Hacked . | . . . . . . . . Hacks Repelled . | . . . . . . . . Allies | -11 -10 -10 -9 -8 -7 -7 -6 -------- Run | Scr Mat Min Mat Mat Fac DSF Fac Total Allies . | . . . . . . . . Largest Group . | . . . . . . . . Highest-Rated Group . | . . . . . . . . Highest-Rated Ally . | . . . . . . . . Total Orders . | . . . . . . . . Ally Attacks . | . . . . . . . . Total Damage . | . . . . . . . . Kills . | . . . . . . . . Allies Corrupted . | . . . . . . . . Allies Melted . | . . . . . . . . Intel | -11 -10 -10 -9 -8 -7 -7 -6 ------- Run | Scr Mat Min Mat Mat Fac DSF Fac Robot Analysis Total . | . . . . . . . . Derelict Logs Recovered . | . . . . . . . . Drone Launches . | . . . . . . . . Drone Recoveries . | . . . . . . . . Exploration | -11 -10 -10 -9 -8 -7 -7 -6 ------------- Run | Scr Mat Min Mat Mat Fac DSF Fac Turns Passed 677 | 19 26 62 50 25 50 56 389 Spaces Moved 1275 | 31 48 113 111 72 99 95 706 Core 855 | 31 48 113 55 . . 45 563 Treads . | . . . . . . . . Legs 19 | . . . . . . . 19 Wheels . | . . . . . . . . Hover . | . . . . . . . . Flight 401 | . . . 56 72 99 50 124 Fastest Speed 35 | 50 50 50 35 35 35 35 40 Average Speed 46 | 50 50 50 42 35 35 42 50 Slowest Speed 120 | 50 50 50 50 35 35 50 120 Overloaded Moves . | . . . . . . . . Propulsion Burnouts . | . . . . . . . . Robots Hopped 11 | . . . 1 . 1 1 8 Cave-ins Triggered . | . . . . . . . . Exploration Rate (%) 25 | 3 13 45 16 14 3 91 17 Regions Visited 7 Branch Regions 1 Pre-discovered Areas . | . . . . . . . . Known Exits Taken 1 | . . . . . 1 . . Unknown Exits Taken 5 | 1 1 1 1 1 . . . Scrap Searched 1 | . . 1 . . . . . Spaces Dug . | . . . . . . . . Terrain Destroyed . | . . . . . . . . Melee . | . . . . . . . . Projectile . | . . . . . . . . AOE . | . . . . . . . . Terrain Rammed . | . . . . . . . . Walls Destroyed . | . . . . . . . . Machines Disabled . | . . . . . . . . Actions | -11 -10 -10 -9 -8 -7 -7 -6 --------- Run | Scr Mat Min Mat Mat Fac DSF Fac Total 1329 | 33 48 117 111 71 112 107 730 Wait . | . . . . . . . . Move 1247 | 30 47 112 108 71 96 92 691 Hop 10 | . . . 1 . 1 1 7 Pick Up 10 | 2 . . 1 . 5 . 2 Fast Attach 21 | 1 1 . 1 . 4 5 9 Attach 3 | . . . . . 2 . 1 Detach 1 | . . 1 . . . . . Swap . | . . . . . . . . Drop 7 | . . . . . 4 1 2 Fire . | . . . . . . . . Melee 1 | . . 1 . . . . . Ram 4 | . . 3 . . . . 1 Kick 2 | . . . . . . . 2 Crush . | . . . . . . . . Escape Stasis 23 | . . . . . . 8 15 Rewire . | . . . . . . . . Trap . | . . . . . . . . Miscellaneous . | . . . . . . . . Route ------- -11/Scrapyard -10/Materials -10/Mines -9/Materials -8/Materials -7/Factory -7/DSF -6/Factory (discovered 4 exits: Fac x4) History --------- Turn | Location | Event 4 | -11/Scrapyard | Discovered new exit (range 16) 20 | -11/Scrapyard | Entered Materials 38 | -10/Materials | Discovered new exit (range 15) 46 | -10/Materials | Entered Mines 102 | -10/Mines | Discovered new exit (range 11) 108 | -10/Mines | Entered Materials 108 | -9/Materials | Evolved 2 slots: Utility x2 153 | -9/Materials | Discovered new exit (range 16) 158 | -9/Materials | Entered another Materials area 158 | -8/Materials | Evolved 2 slots: Utility x2 178 | -8/Materials | Discovered new exit (range 15) 183 | -8/Materials | Entered Factory 183 | -7/Factory | Evolved 2 slots: Utility x2 233 | -7/Factory | Identified exit to DSF 233 | -7/Factory | Entered DSF 252 | -7/DSF | Additional patrols routed to DSF 283 | -7/DSF | Core integrity fell below 50% 284 | -7/DSF | Discovered new exit (range 11) 289 | -7/DSF | Entered Factory 289 | -6/Factory | Evolved 2 slots: Propulsion x2 293 | -6/Factory | Identified exit to Factory 296 | -6/Factory | Lost 3 parts (1n2u) 300 | -6/Factory | Build established: Mutant 595 | -6/Factory | Core integrity fell below 50% 603 | -6/Factory | Core integrity fell below 20% 678 | -6/Factory | Destroyed by H-61 Shepherd with Heavy Assault Cannon Last Messages --------------- 00641_ Acquired Imp. Signal Interpreter. 00653_ >> Machine Analyzer network decryption results: 00653_ Recycling Unit x3 00654_ Connecting with Terminal... >>Layout(Zone) Retrieving Zone 1Z layout... Downloaded map data. >>Alert(Purge) Purged threat record, alert level lowered. 00663_ >> Machine Analyzer network decryption results: 00663_ Terminal x1 00665_ K-01 Serf cleans the Fusion Modulator. 00676_ C-30 ARC bursts open, deploying its payload. 00676_ G-67 Veteran unfolds itself. 00676_ G-50 Soldier unfolds itself. 00676_ K-01 Serf destroyed. 00676_ Penetrated by Slug. 00676_ Imp. Light Armor Plating destroyed. 00676_ G-50 Soldier knocked back. 00677_ R-10 Processor collects Sml. Matter Pod. Map ----- +----------------------------------------------------+ | ??????????????????????????????# """ """ """ | | ??????????????????????????????# """ """ """ | | ??????????????????????????????# | | ??????????????????????????????# | | ??????????????????????#+####### #######+## | | ????????????????????# #####+###?##### | | ????????????????????# ##### #???# ?? # | | ???????????""???????#?????????# #???# """" # | | ???????????""???"""?????????###/#####! """" # | | ???????????"T???"""?????????# # """" # ! | | ???????????""???"""???? ??# # """" # | | ???????????""???????? ??# # # | | ????????????????????# ??# *# "T" [ # | | ????????????????????# ??# # """ # "" | | ????????????????????# ??# ########### "" | | ????????????????????# A??# #?????????# "" | | ????????????????????# ??# * #?????????# "" | | ????????????????????# #?# #?????????? "" | | ????????????????????# #?# #?????????? ?? | | ????????????????????# #?# #????????????? | | ????????????????????# #?# #????????????? | | ????????????????????# #?# #????????????? | | ????????????????????+ #?# #????????????? | | ????????????????????# % #?# #????????????? | | ????????????????????# #?# #????????????? | | ??????????????????### R @### #????????????? | | ??????????????????# ####/#####???????????? | | ??????????????????# =% " #???????????? | | ???????????? * %"%#???????????? | | ???????????? g" #???????????? | | ???????????? H R +???????????? | | ???????????? R A#???????????? | | ???????????? #???????????? | | ?????????????###### #???????????? | | ??????????????????# ########u#???????????? | | ??????????????????#####+#####??????? #???????????? | | ???????????????????????????????????? #???????????? | | ?????????????????????????????????????#???????????? | | ?????????????????????????????????????????????????? | | ?????????????????????????????????????????????????? | | ?????????????????????????????????????????????????? | | ?????????????????????????????????????????????????? | | ?????????????????????????????????????????????????? | | ?????????????????????????????????????????????????? | | ?????????????????????????????????????????????????? | | ?????????????????????????????????????????????????? | | ?????????????????????????????????????????????????# | | ?????????????????????????????????????????????????# | | ?????????????????????????????????????????????????# | | ?????????????????????????????????????????????????# | +----------------------------------------------------+ Best States ------------- Heat Dissipation 37 Energy Generation 5 Energy Capacity 100 Matter Stores 166 Matter Capacity 300 Sight Range 16 Robot Scan Range 14 Terrain Scan Density 810 Armor Coverage 150 Evasion (%) 63 Melee Accuracy 8 Offensive Hacking 20 Item Schematics ----------------- None Robot Schematics ------------------ None Fabricated ------------ Nothing Alien Tech Used ----------------- None Achievements -------------- None Challenges ------------ None Game ------ Seed ConcussiveVisualDevice Manual? 0 Play Time 00:13:10 Cumulative 171.8 hours Start 2022.05.03 @ 12:21:13 End 2022.05.03 @ 12:33:57 Sessions 1 Manual Loads 0 Difficulty Rogue Special Mode None Game No. 300 Rogue 299 Adventurer 0 Explorer 1 Win Type - Total 8 Types 8/0/0/0/0/0/0/0/0 Lore% 61 Gallery% 64 Achievement% 53 Wizard Run 0 Options --------- ASCII 1 Keyboard 0 Movement Vi Keybinds 0 Fullscreen 1 Font 18/SmallcapsGlow Map View 76x50 Tactical HUD 1 Map Filters NONE Filters NONE Steam 1 RUN: 70bd7fe8-1279-4df6-8cbf-09d429a1e167